 Dungeon Crawl Stone Soup version 0.27-a0-1200-g94dc6ad4cf (webtiles) character file.

Game seed: 10348114240258254308

58 freelancePsychic the Distorting Demonspawn (level 3, 0/29 HPs)
             Began as a Demonspawn Abyssal Knight on May 31, 2021.
             Was a Believer of Lugonu.
             Succumbed to an adder's poison
             ... on level 2 of the Dungeon.
             The game lasted 00:02:24 (1136 turns).

freelancePsychic the Distorting Demonspawn (DsAK)   Turns: 1136, Time: 00:02:25

Health: 0/29       AC:  6    Str: 11 (12) XL:     3   Next: 76%
Magic:  6/6        EV: 10    Int: 11 (14) God:    Lugonu [**....]
Gold:   71         SH:  0    Dex: 12 (14) Spells: 2/2 levels left

rFire    + . .     SeeInvis .   a - +1 spear
rCold    + . .     Faith    .   (no shield)
rNeg     . . .     Spirit   .   e - +1 ring mail
rPois    +         Reflect  .   (no helmet)
rElec    +         Harm     .   (no cloak)
rCorr    +         Rampage  .   (no gloves)
Will     .....                  (no boots)
Stlth    ++........             (no amulet)
HPRegen  0.09/turn              (no ring)
MPRegen  0.20/turn              (no ring)

@: mighty, lethally poisoned (0 -> -1), about to teleport, resistant
A: thin skeletal structure 1, magic regeneration
a: Renounce Religion, Depart the Abyss, Bend Space


You were on level 2 of the Dungeon.
You worshipped Lugonu.
Lugonu was pleased with you.
You visited 1 branch of the dungeon, and saw 2 of its levels.
You visited the Abyss 1 time.

You collected 71 gold pieces.

Inventory:

Hand Weapons
 a - a +1 spear (weapon)
Armour
 b - a +0 leather armour
 e - a +1 ring mail (worn)
Scrolls
 c - a scroll of enchant armour
Potions
 i - a potion of degeneration


   Skills:
 - Level 3.0 Fighting
 + Level 2.5 Polearms
 - Level 1.7 Armour
 - Level 0.8 Dodging
 * Level 4.6 Invocations


You had 2 spell levels left.
You didn't know any spells.
Your spell library was empty.

Dungeon Overview and Level Annotations

Branches:
Dungeon (2/15)

Altars:


Innate Abilities, Weirdness & Mutations

You have a somewhat thin skeletal structure. (Dex +2, Stealth+)
You regenerate magic rapidly.


Message History

There was something very wrong with that liquid.
You feel weakened.
You feel dopey.
You feel clumsy.
You feel very sick. The adder barely misses you.
The adder bites you but does no damage.
It was a potion of resistance.
You feel protected.
* * * LOW HITPOINT WARNING * * *
You feel sick. The adder closely misses you.
It was a potion of might.
You feel very mighty all of a sudden.
* * * LOW HITPOINT WARNING * * *
You feel sick. The adder completely misses you.
As you read the scroll labelled EGUWKI NEREE, it crumbles to dust.
It is a scroll of enchant armour.
Your +0 ring mail glows green for a moment.
* * * LOW HITPOINT WARNING * * *
You feel sick. The adder bites you but does no damage.
As you read the scroll labelled KYUTIA ZYTHRUGI, it crumbles to dust.
It is a scroll of amnesia.
You feel forgetful for a moment.
* * * LOW HITPOINT WARNING * * *
You feel sick. The adder bites you.
* * * LOW HITPOINT WARNING * * *
The adder bites you but does no damage.
As you read the scroll labelled RIHEMEIMITT, it crumbles to dust.
You feel strangely unstable.
It was a scroll of teleportation.
* * * LOW HITPOINT WARNING * * *
You feel sick. The adder closely misses you.
Okay, then.
You hit the adder.
You kill the adder!
Lugonu accepts your kill.
* * * LOW HITPOINT WARNING * * *
You feel sick.
The quokka twitches its whiskers.
You hit the quokka.
You kill the quokka!
Lugonu accepts your kill.
* * * LOW HITPOINT WARNING * * *
You feel sick.
You die...

......###..##.##..# .#
###...# #..##.##..##..##
#<....###..##.##.......#
#.#....<...##..........#
#.#...#.......##.###.#.#
.........).#.).#.# #
#.###.#.##.....#.# #.
#.#.####...#.# # ....#
#####@###.# ##.###
#......# #.#
######.###..#.
#.............#
.....##†###.r..### ###
#.. #.#... ..#S (# ..
#.##.( # #. ..


There were no monsters in sight!

Vanquished Creatures
  2 adders (D:2)
  A dart slug (D:1)
  3 bats
  5 endoplasms
  4 giant cockroaches
  4 goblins
  4 hobgoblins
  A kobold (D:2)
  4 quokkas
  3 ball pythons
  A frilled lizard (D:2)
  2 rats (D:1)
34 creatures vanquished.

Vanquished Creatures (others)
  2 fungi (D:1)
  5 plants (D:1)
7 creatures vanquished.

Grand Total: 41 creatures vanquished

Notes
Turn   | Place    | Note
-------+----------+-------------------------------------------
     0 | Abyss:1  | freelancePsychic the Demonspawn Abyssal Knight began the
                  | quest for the Orb.
     0 | Abyss:1  | Reached XP level 1. HP: 18/18 MP: 2/2
    12 | D:1      | Escaped the Abyss
    59 | D:1      | Reached skill level 3 in Invocations
   188 | D:1      | Gained mutation: You have a somewhat thin skeletal
                  | structure. (Dex +2, Stealth+) [demonic ancestry]
   188 | D:1      | Reached XP level 2. HP: 24/24 MP: 4/4
   715 | D:1      | Reached ** piety under Lugonu
   818 | D:1      | Found a faded altar of an unknown god.
   936 | D:2      | Reached skill level 4 in Invocations
   959 | D:2      | Gained mutation: You regenerate magic rapidly. [demonic
                  | ancestry]
   959 | D:2      | Reached XP level 3. HP: 25/29 MP: 6/6
  1135 | D:2      | HP: 1/29 [poisoned by an adder]
  1136 | D:2      | Succumbed to an adder's poison

Illustrated notes

Levels and vault maps discovered:
D:1:      dpeg_arrival_pits, layout_loops_ring,
          shapermc_ecumenical_altar_mp_ritualfount
D:2:      layout_loops_ring, minmay_pentomino_s4

Skill      XL: |  1  2 |
---------------+-------+-----
Invocations    | 3 4 |  4.6
Polearms       | 2 |  2.5
Fighting       | |  3.0
Armour         | |  1.7
Dodging        | |  0.8

Action                   || total
-------------------------++-------
Melee: Spear             ||    98
  Use: Scroll            ||     4
       Potion            ||     3
 Stab: Sleeping          ||     5
Armor: Leather armour    ||     1
       Ring mail         ||    29
Dodge: Dodged            ||    37

Table legend: (Time is in decaauts)
 A = Elapsed time spent in this place.
 B = Non-inter-level travel time spent in this place.
 C = Inter-level travel time spent in this place.
 D = Time resting spent in this place.
 E = Time spent auto-exploring this place.
 F = Levels seen in this place.
 G = Mean time per level.
                   A        B        C        D        E       F      G
               +--------+--------+--------+--------+--------+-----+--------+
         Total |   1134 |   1102 |     32 |      0 |    891 |   3 |  378.0 |
       Dungeon |   1122 |   1090 |     32 |      0 |    886 |   2 |  561.0 |
         Abyss |     12 |     12 |      0 |      0 |      5 |   1 |   12.0 |
               +--------+--------+--------+--------+--------+-----+--------+

Top non-repeatable levels by time:
     D:1: 873 daAuts
     D:2: 249 daAuts
 Abyss:1: 12 daAuts
